 Dungeon Sprint DCSS version 0.26-a0-1181-gd376ed14c5 (webtiles) character file.

Game seed: 8777092428266591389

2162 HoaS the Severer (level 9, 0/75 HPs)
             Began as a Formicid Fighter on Dec 25, 2020.
             Was a Priest of Makhleb.
             Slain by a six-headed hydra (4 damage)
             ... while petrified by a basilisk
             ... in the Dungeon (Sprint IX: "|||||||||||||||||||||||||||||").
             The game lasted 00:05:22 (898 turns).

HoaS the Severer (Formicid Fighter)                  Turns: 898, Time: 00:05:23

Health: 0/75       AC: 12    Str: 30    XL:     9   Next: 57%
Magic:  9/9        EV:  2    Int:  8    God:    Makhleb [***...]
Gold:   0          SH:  0    Dex: 10    Spells: 8/8 levels left

rFire    . . .     SeeInvis +   l - +3 war axe (vorpal)
rCold    . . .     Faith    .   c - +0 kite shield
rNeg     + + +     Spirit   .   n - +1 scale mail
rPois    ∞         Reflect  .   (helmet unavailable)
rElec    .         Harm     .   a - +2 cloak
rCorr    .         Rampage  .   (no gloves)
Will     .....                  (no boots)
Stlth    ..........             (no amulet)
HPRegen  0.22/turn              o - +3 ring of strength
MPRegen  0.11/turn              p - +3 ring of strength

@: petrified
A: permanent stasis, dig shafts and tunnels, four strong arms, antennae 3
a: Dig, Renounce Religion, Minor Destruction, Lesser Servant of Makhleb


You were in the Dungeon.
You worshipped Makhleb.
Makhleb was most pleased with you.
You visited 1 branch

Inventory:

Hand Weapons
 k - a +2 dire flail of holy wrath
 l - a +3 vorpal war axe (weapon)
Armour
 a - a +2 cloak (worn)
 c - a +0 kite shield (worn)
 n - a +1 scale mail (worn)
Jewellery
 o - a +3 ring of strength (left hand)
 p - a +3 ring of strength (right hand)
Wands
 j - a wand of iceblast (10)
Scrolls
 e - 2 scrolls of identify
 g - a scroll of fear
 h - 3 scrolls of remove curse
Potions
 b - 6 potions of heal wounds
 d - a potion of brilliance
 f - a potion of invisibility


   Skills:
 * Level 8.5 Fighting
 - Level 16.0 Axes
 + Level 6.4 Armour
 + Level 4.3 Dodging
 - Level 9.0 Shields


You had 8 spell levels left.
You didn't know any spells.
Your spell library was empty.

Dungeon Overview and Level Annotations

Branches:
Dungeon (1/1)

Altars:
Cheibriados
Dithmenos
Elyvilon
Fedhas
Gozag
Hepliaklqana
Kikubaaqudgha
Makhleb
Nemelex Xobeh
Okawaru
Qazlal
Ru
Sif Muna
Trog
Uskayaw
Vehumet
Wu Jian
Xom
Yredelemnul
Zin
The Shining One
Beogh
Jiyva
Lugonu


Innate Abilities, Weirdness & Mutations

You cannot be hasted, slowed, berserked, paralysed or teleported.
You can dig through walls and to a lower floor.
Your four strong arms can wield two-handed weapons with a shield.
You have a pair of large antennae on your head. (SInv)


Message History

The six-headed hydra bites you but does no damage.
The six-headed hydra bites you! The six-headed hydra bites you.
The six-headed hydra bites you! x3
The six-headed hydra bites you but does no damage.
The six-headed hydra bites you. x2
The six-headed hydra bites you. The six-headed hydra barely misses you.
The six-headed hydra bites you!
* * * LOW HITPOINT WARNING * * *
The six-headed hydra bites you!
* * * LOW HITPOINT WARNING * * *
The six-headed hydra bites you.
* * * LOW HITPOINT WARNING * * *
The six-headed hydra bites you but does no damage.
The six-headed hydra bites you.
* * * LOW HITPOINT WARNING * * *
The six-headed hydra bites you but does no damage.
The six-headed hydra bites you!
* * * LOW HITPOINT WARNING * * *
The six-headed hydra bites you. The six-headed hydra bites you!
You die... {{{{{{{{{{{{{ {{{{{{{{{{ ▓▓▓▓▓▓▓▓▓▓▓▓▓▓▓▓▓▓▓▓▓▓▓▓ ..'..!...)[..??.@DlYFSSh{{ {{{{{{

▓▓▓▓▓▓▓▓▓▓▓▓▓▓▓▓▓▓▓▓▓▓▓▓▓▓▓▓▓▓▓▓▓
.................................
▓▓▓▓▓▓▓▓▓▓▓▓▓▓▓▓▓▓▓▓▓▓▓▓▓▓▓▓▓▓▓▓▓
!....).....'_____________________
▓▓▓▓▓▓▓▓▓▓▓▓▓▓▓▓▓▓▓▓▓▓▓▓▓▓▓▓▓▓▓▓▓


You could see a six-headed hydra, a yak, a cane toad, a basilisk, 2 water
moccasins and a wolf.

Vanquished Creatures
  A centaur warrior (D)
  An unseen horror (D)
  An ugly thing (D)
  A troll (D)
  A wyvern (D)
  An orc warrior (D)
  A phantom (D)
  A killer bee (D)
  An orc priest (D)
  4 adders (D)
  An ooze (D)
  An adder zombie (D)
  An adder skeleton (D)
  3 bats (D)
  A goblin (D)
  A quokka skeleton (D)
  A rat (D)
22 creatures vanquished.

Notes
Turn   | Place    | Note
-------+----------+-------------------------------------------
     0 | D        | HoaS the Formicid Fighter began the quest for the Orb.
     0 | D        | Reached XP level 1. HP: 18/18 MP: 1/1
    11 | D        | Reached skill level 3 in Axes
    25 | D        | Reached XP level 2. HP: 12/24 MP: 2/2
   181 | D        | Noticed a phantom
   187 | D        | Reached skill level 4 in Axes
   199 | D        | Reached skill level 5 in Shields
   199 | D        | Reached XP level 3. HP: 10/29 MP: 3/3
   209 | D        | Reached skill level 5 in Axes
   213 | D        | Reached skill level 6 in Axes
   213 | D        | Reached XP level 4. HP: 11/35 MP: 4/4
   223 | D        | Killed a phantom
   224 | D        | Reached skill level 8 in Axes
   224 | D        | Reached XP level 5. HP: 10/41 MP: 5/5
   490 | D        | Found a roughly hewn altar of Beogh.
   490 | D        | Found a snail-covered altar of Cheibriados.
   490 | D        | Found a shadowy altar of Dithmenos.
   490 | D        | Found a white marble altar of Elyvilon.
   490 | D        | Found a blossoming altar of Fedhas.
   490 | D        | Found an opulent altar of Gozag.
   491 | D        | Found a hazy altar of Hepliaklqana.
   492 | D        | Found a viscous altar of Jiyva.
   493 | D        | Found an ancient bone altar of Kikubaaqudgha.
   494 | D        | Found a corrupted altar of Lugonu.
   495 | D        | Found a burning altar of Makhleb.
   496 | D        | Found a sparkling altar of Nemelex Xobeh.
   497 | D        | Found an iron altar of Okawaru.
   498 | D        | Found a stormy altar of Qazlal.
   499 | D        | Found a sacrificial altar of Ru.
   500 | D        | Found a shimmering blue altar of Sif Muna.
   501 | D        | Found a bloodstained altar of Trog.
   502 | D        | Found a hide-covered altar of Uskayaw.
   503 | D        | Became a worshipper of Makhleb the Destroyer
   504 | D        | Found a radiant altar of Vehumet.
   505 | D        | Found an ornate altar of the Wu Jian Council.
   506 | D        | Found a shimmering altar of Xom.
   507 | D        | Found a basalt altar of Yredelemnul.
   508 | D        | Found a glowing silver altar of Zin.
   509 | D        | Found a glowing golden altar of the Shining One.
   559 | D        | Noticed an orc warrior
   559 | D        | Noticed a troll
   565 | D        | Killed an orc warrior
   566 | D        | Reached skill level 10 in Axes
   566 | D        | Reached XP level 6. HP: 41/47 MP: 6/6
   583 | D        | Killed a troll
   583 | D        | Reached * piety under Makhleb
   584 | D        | Reached skill level 12 in Axes
   584 | D        | Reached XP level 7. HP: 29/52 MP: 7/7
   586 | D        | Reached skill level 13 in Axes
   587 | D        | Reached ** piety under Makhleb
   595 | D        | Noticed a wyvern
   595 | D        | Noticed a centaur warrior
   595 | D        | Noticed a white ugly thing
   595 | D        | Noticed an unseen horror
   597 | D        | Killed a wyvern
   598 | D        | Reached skill level 14 in Axes
   605 | D        | Killed a centaur warrior
   606 | D        | Reached skill level 16 in Axes
   606 | D        | Reached skill level 1 in Dodging
   606 | D        | Reached XP level 8. HP: 43/60 MP: 8/8
   618 | D        | Killed a white ugly thing
   619 | D        | Reached skill level 5 in Armour
   619 | D        | Reached XP level 9. HP: 26/71 MP: 9/9
   619 | D        | Killed an unseen horror
   619 | D        | Reached *** piety under Makhleb
   891 | D        | Noticed a five-headed hydra
   891 | D        | Noticed a cane toad
   898 | D        | Slain by a six-headed hydra

Illustrated notes

Levels and vault maps discovered:
D:        linesprint [early_d, line_temple, items_1, d_10, items_2, lair_1,
          lair_end, items_3, orc_1, orc_end, items_4, d_15, swamp_1, shoals_1,
          snake_1, spider_1, d_20, vaults_1, items_5, swamp_end, shoals_end,
          snake_end, spider_end, vaults_end, d_27, items_6, zot_1, zot_end,
          crypt_end, forest_end, elf_end, slime_end, tomb_end, abyss_end,
          pan_hell_end]

Skill      XL: |  1  2  3  4  5  6  7  8  9 |
---------------+----------------------------+-----
Axes           | 3 4 6 8 10 12 16 | 16.0
Shields        | 4 5 6 7 9 |  9.0
Fighting       | 4 6 8 |  8.5
Dodging        | 1 3 4 |  4.3
Armour         | 5 6 |  6.4

Action                   |  1- 3 |  4- 6 |  7- 9 || total
-------------------------+-------+-------+-------++-------
Melee: War axe           |    50 |    25 |    26 ||   101
  Use: Potion            |     1 |     3 |     5 ||     9
       Scroll            |       |       |     2 ||     2
Armor: Scale mail        |    29 |     7 |     9 ||    45
Dodge: Dodged            |    27 |    11 |     3 ||    41
Block: Kite shield       |    21 |    17 |    14 ||    52

Table legend: (Time is in decaauts)
 A = Elapsed time spent in this place.
 B = Non-inter-level travel time spent in this place.
 C = Inter-level travel time spent in this place.
 D = Time resting spent in this place.
 E = Time spent auto-exploring this place.
 F = Levels seen in this place.
 G = Mean time per level.
                   A        B        C        D        E       F      G
               +--------+--------+--------+--------+--------+-----+--------+
         Total |    909 |    909 |      0 |    563 |     12 |   1 |  909.0 |
       Dungeon |    909 |    909 |      0 |    563 |     12 |   1 |  909.0 |
               +--------+--------+--------+--------+--------+-----+--------+

Top non-repeatable levels by time:
       D: 909 daAuts
